 Dungeon Crawl Stone Soup version 0.23-a0-558-g30802b1 (webtiles) character file.

835 zishaf the Spear-Bearer (level 7, -3/59 HPs)
             Began as a Merfolk Monk on Dec 12, 2018.
             Slain by Duvessa
             ... wielding a +2 short sword of electrocution
              (12 damage)
             ... on level 4 of the Dungeon.
             The game lasted 00:11:49 (5543 turns).

zishaf the Spear-Bearer (Merfolk Monk)              Turns: 5543, Time: 00:11:49

Health: -3/59      AC:  5    Str: 12    XL:     7   Next: 99%
Magic:  7/7        EV: 14    Int: 11    God:
Gold:   201        SH:  0    Dex: 16    Spells: 6/6 levels left

rFire    . . .     SeeInvis .   a - +0 spear
rCold    . . .     Gourm    .   (no shield)
rNeg     . . .     Faith    .   h - +0 ring mail
rPois    .         Spirit   .   (no helmet)
rElec    .         Reflect  .   (no cloak)
rCorr    .         Harm     .   (no gloves)
MR       .....                  (no boots)
Stlth    +.........             (no amulet)
HPRegen  0.19/turn              (no ring)
MPRegen  0.10/turn              (no ring)

@: drained
A: change form in water, swift swim, stealthy swim
a: no special abilities


You were on level 4 of the Dungeon.
You were not hungry.

You visited 1 branch of the dungeon, and saw 5 of its levels.

You collected 201 gold pieces.

Inventory:

Hand Weapons
 a - a +0 spear (weapon)
Missiles
 e - 8 javelins (quivered)
Armour
 b - a +0 robe
 h - a +0 ring mail (worn)
Magical Staves
 q - an uncursed staff of cold
Scrolls
 d - 2 scrolls of remove curse
 i - a scroll of blinking {unknown}
 l - a scroll of noise {unknown}
 o - 2 scrolls of amnesia {unknown}
 r - a scroll of teleportation {unknown}
 s - a scroll of immolation {unknown}
Potions
 f - a potion of flight {unknown}
 g - a potion of haste {unknown}
 j - a potion of agility {unknown}
 k - 2 potions of magic {unknown}
 m - a potion of ambrosia {unknown}
 n - 2 potions of lignification {unknown}
 p - a potion of degeneration {unknown}
 t - 2 potions of heal wounds
 u - 2 potions of berserk rage {unknown}
Comestibles
 c - 5 rations


   Skills:
 + Level 6.4(5.2) Fighting
 + Level 8.3(7.1) Polearms
 + Level 7.6(6.4) Dodging
 - Level 2.1(1.1) Stealth


You had 6 spell levels left.
You didn't know any spells.
Your spell library was empty.

Dungeon Overview and Level Annotations

Branches:
Dungeon (5/15)
 Temple: D:4-7

Altars:
Vehumet

Annotations:
D:4 exclusion: downstairs, Duvessa


Message History

There is a stone staircase leading up, spattered with blood here.
You see here 5 arrows.
Duvessa hits you with a +2 short sword of electrocution.
Duvessa barely misses you.
You climb upwards.
Level annotation: exclusion: downstairs
There is a stone staircase leading down here.
Duvessa hits you with a +2 short sword of electrocution!
You are electrocuted!
Duvessa hits you with a +2 short sword of electrocution!
Duvessa hits you with a +2 short sword of electrocution!
* * * LOW HITPOINT WARNING * * *
You hear a shout!
Duvessa hits you with a +2 short sword of electrocution.
* * * LOW HITPOINT WARNING * * *
Duvessa barely misses you.
Duvessa hits you with a +2 short sword of electrocution.
* * * LOW HITPOINT WARNING * * *
You are electrocuted!
You die...

#......# #.####.# #...##.#
###############.##.#
............# #.##.####
....).......###.#.....#
..(...............#.#.#
.............##.###.#.#
.............##.@.#.#.#
................#e#.#.#
............###.#...(.#
............# #.####.##
.........)..# #..<...#
............# #..#.########
............###..#.#......####
....................>........#
.###.#...######..#.........#.#


You could see Duvessa (berserk).

Vanquished Creatures
  3 ogres (D:4)
  2 centaurs
  A scorpion (D:4)
  Dowan (D:5)
  An orc wizard (D:3)
  Natasha (thrice) (D:2)
  2 worker ants (D:4)
  A worker ant zombie (D:5)
  7 adders
  2 oozes (D:2)
  An adder skeleton (D:4)
  2 worms (D:2)
  5 dart slugs
  5 leopard geckos
  5 orcs
  5 bats
  2 giant cockroaches
  11 hobgoblins
  12 jackals
  8 kobolds
  2 quokkas (D:2)
  A ball python (D:3)
  4 frilled lizards
  5 goblins
  5 rats
96 creatures vanquished.

Notes
Turn   | Place    | Note
-------+----------+-------------------------------------------
     0 | D:1      | zishaf the Merfolk Monk began the quest for the Orb.
     0 | D:1      | Reached XP level 1. HP: 18/18 MP: 1/1
   219 | D:1      | Reached XP level 2. HP: 24/24 MP: 2/2
   373 | D:1      | Reached skill level 5 in Polearms
   387 | D:1      | Reached XP level 3. HP: 30/30 MP: 3/3
   688 | D:2      | Noticed Natasha
   699 | D:2      | Killed Natasha
   957 | D:1      | Reached XP level 4. HP: 34/37 MP: 4/4
  1013 | D:2      | Reached skill level 5 in Dodging
  1041 | D:2      | You fall through a shaft!
  1446 | D:3      | Found a radiant altar of Vehumet.
  1897 | D:4      | Reached XP level 5. HP: 37/43 MP: 5/5
  1972 | D:4      | Noticed an ogre
  1982 | D:4      | Killed an ogre
  1982 | D:4      | Reached skill level 6 in Polearms
  2142 | D:4      | Noticed an ogre
  2153 | D:4      | Killed an ogre
  2153 | D:4      | Reached skill level 5 in Fighting
  2153 | D:4      | Reached XP level 6. HP: 36/51 MP: 6/6
  2614 | D:4      | Reached skill level 7 in Polearms
  3024 | D:4      | HP: 2/51 [centaur/arrow (10)]
  3338 | D:2      | Reached XP level 7. HP: 56/56 MP: 7/7
  3815 | D:2      | Noticed Natasha
  3823 | D:2      | Killed Natasha
  3919 | D:2      | Noticed Natasha
  3935 | D:2      | Killed Natasha
  4248 | D:4      | Reached skill level 8 in Polearms
  4730 | D:5      | Entered Level 5 of the Dungeon
  4805 | D:5      | Noticed Duvessa
  4806 | D:5      | Noticed Dowan
  5155 | D:5      | HP: 2/58 [centaur/uncursed staff of cold (10)]
  5465 | D:5      | Killed Dowan
  5543 | D:4      | Slain by Duvessa

Vault maps used:
D:1:      matt_arrival_los_fun
D:2:      uniq_natasha
D:3:      vehumet_crystals
D:5:      first_ration, st_stairs_8, kennysheep_small_square, uniq_menkaure,
          uniq_duvessa

Skill      XL: |  1  2  3  4  5  6  7 |
---------------+----------------------+-----
Polearms       | 5 6 7 8 |  8.3
Fighting       | 4 5 6 |  6.4
Dodging        | 5 6 7 |  7.6
Stealth        | |  2.1

Action                   |  1- 3 |  4- 6 |  7- 9 || total
-------------------------+-------+-------+-------++-------
Melee: Spear             |   105 |   220 |   204 ||   529
Throw: Javelin           |       |     2 |       ||     2
Evoke: Wand              |       |     4 |       ||     4
  Use: Scroll            |       |       |     3 ||     3
       Potion            |       |       |     1 ||     1
 Stab: Sleeping          |     7 |     2 |     1 ||    10
  Eat: Chunk             |       |     8 |     7 ||    15
Armor: Robe              |     2 |       |       ||     2
       Ring mail         |    19 |    44 |    25 ||    88
Dodge: Dodged            |    52 |   136 |    96 ||   284

Table legend:
 A = Non-vault XP
 B = Vault XP
 C = Vault XP percentage of total XP
 D = Non-vault monster count
 E = Vault monster count
 F = Vault count percentage of total count
                 A         B        C        D         E       F
            +---------+---------+-------+---------+---------+-------
      Total |    1098 |      96 |   8.0 |      94 |       2 |   2.1
            +---------+---------+-------+---------+---------+-------
        D:1 |      55 |       0 |   0.0 |      23 |       0 |   0.0
        D:2 |     152 |      35 |  18.7 |      26 |       1 |   3.7
        D:3 |     113 |       0 |   0.0 |      24 |       0 |   0.0
        D:4 |     650 |       0 |   0.0 |      19 |       0 |   0.0
        D:5 |     128 |      61 |  32.3 |       2 |       1 |  33.3
            +---------+---------+-------+---------+---------+-------
